[Event "ICC tourney 3095 (40 10)"]
[Site "Internet Chess Club"]
[Date "2023.01.07"]
[Round "5"]
[White "ASKEW, GEORGE:BlueStorm"]
[Black "JARGALSAIKHAN, OCHIR:K06-30018301"]
[Result "0-1"]
[ICCResult "White resigns"]
[WhiteElo "1360"]
[BlackElo "1411"]
[Opening "Queen's pawn game"]
[ECO "D04"]
[NIC "QP.08"]
[Time "20:00:53"]
[PlyCount "70"]
[TimeControl "2400+10"]

1. d4 d5 2. Nf3 Nf6 3. e3 c5 4. b3 e6 5. Bb2 Nc6 6. Bb5 Qc7 7. Ne5 a6 8.
Bxc6+ bxc6 9. O-O Bd6 10. f4 Bb7 11. Nd2 Nd7 12. c4 Nxe5 13. fxe5 Be7 14.
Rc1 Rc8 15. cxd5 cxd5 16. dxc5 Bxc5 17. Bd4 Qe7 18. Nf3 O-O 19. Rf2 Ba3 20.
Rxc8 Rxc8 21. Rc2 Rc6 22. Rxc6 Bxc6 23. Qc2 Bb5 24. Bb2 Bc5 25. Nd4 Bd7 26.
e4 dxe4 27. Qxe4 Be8 28. Qa8 Qd7 29. Kf1 h6 30. h3 Kh7 31. Qe4+ g6 32. Qf4
Qd5 33. Qf3 Qxe5 34. Qe2 Qf4+ 35. Nf3 Bb5 {White resigns} 0-1

[Event "ICC tourney 3095 (40 10)"]
[Site "Internet Chess Club"]
[Date "2023.01.07"]
[Round "5"]
[White "Lou, Alvin:alvinl77"]
[Black "Guntaka, Aayansh R:aayanshguntaka"]
[Result "1/2-1/2"]
[ICCResult "Game drawn by repetition"]
[WhiteElo "885"]
[BlackElo "1345"]
[Opening "French: exchange variation"]
[ECO "C01"]
[NIC "FR.01"]
[Time "20:01:36"]
[PlyCount "149"]
[TimeControl "2400+10"]

1. e4 e6 2. d4 d5 3. exd5 exd5 4. Bd3 Bd6 5. c3 Nc6 6. h3 Nge7 7. Nf3 f6 8.
Nbd2 O-O 9. O-O Bf5 10. Bxf5 Nxf5 11. Qc2 Qd7 12. b3 Be7 13. Bb2 a5 14. a4
Rad8 15. Rfe1 Rfe8 16. Nf1 Bf8 17. Rxe8 Rxe8 18. Re1 Nd6 19. Rxe8 Qxe8 20.
Qd1 Qe4 21. Qe1 Qc2 22. Qa1 Qxb3 23. N3d2 Qb6 24. Ba3 Be7 25. Ne3 Qa6 26.
Nxd5 Qd3 27. Nxe7+ Nxe7 28. Bxd6 cxd6 29. Qe1 Kf8 30. Nb3 b6 31. Qa1 Nd5 32.
Qa3 Ke7 33. Qc1 Qxc3 34. Qd1 Qb4 35. Qe2+ Kf7 36. Qh5+ Ke6 37. Qe8+ Kf5 38.
Qd7+ Kg6 39. Qg4+ Kf7 40. Qh5+ Ke6 41. Qe8+ Kf5 42. Qd7+ Kg6 43. Qg4+ Kf7
44. Qh5+ Ke6 45. Qe8+ Ne7 46. d5+ Kxd5 47. Qxe7 Kc4 48. Qe6+ d5 49. Nc1 Qb1
50. Qg4+ d4 51. Qe2+ Kc3 52. Qd1 d3 53. Ne2+ dxe2 54. Qxb1 Kd2 55. Qb2+ Kd1
56. Qb1+ Kd2 57. Qb2+ Kd1 58. Qb1+ Kd2 59. Qb2+ Kd1 60. Qb1+ Kd2 61. Qb2+
Kd1 62. Qb1+ Kd2 63. Qb2+ Kd1 64. Qb1+ Kd2 65. Qb2+ Kd1 66. Qb1+ Kd2 67.
Qb2+ Kd1 68. Qb1+ Kd2 69. Qb2+ Kd1 70. Qb1+ Kd2 71. Qb2+ Kd1 72. Qb1+ Kd2
73. Qb2+ Kd1 74. Qb1+ Kd2 75. Qb2+ {Game drawn by repetition} 1/2-1/2